 Dungeon Crawl Stone Soup version 0.29-a0-821-g66395355a5 (webtiles) character file.

Game seed: 16146792019956810804

1815 buhh the Ducker (level 9, 0/61 HPs)
             Began as an Octopode Transmuter on July 7, 2022.
             Was a Believer of Cheibriados.
             Slain by a wyvern skeleton (12 damage)
             ... on level 6 of the Dungeon.
             The game lasted 00:10:20 (6801 turns).

buhh the Ducker (Octopode Transmuter)               Turns: 6801, Time: 00:10:21

Health: 0/61       AC:  1    Str: 13    XL:     9   Next: 10%
Magic:  8/12       EV: 17    Int: 23    God:    Cheibriados [**....]
Gold:   273        SH:  0    Dex: 17    Spells: 6/12 levels left

rFire   . . .      SeeInvis .     - Unarmed
rCold   . . .      Faith    .   (no shield)
rNeg    . . .      Spirit   .   (helmet currently unavailable)
rPois   .          Reflect  .   (no amulet)
rElec   .          Harm     .   e - +4 ring of slaying
rCorr   .          Rampage  .   t - ring of willpower
Will    +....                   (no ring)
Stlth   ++........              (no ring)
HPRegen 0.20/turn               (no ring)
MPRegen 0.13/turn               (no ring)
                                (no ring)
                                (no ring)

@: confused, brilliant, appendages, ambrosia-drunk, attractive, very slow
A: tentacle spike 3, almost no armour, amphibious, 8 rings, camouflage 1,
gelatinous body 1, (nimble swimmer 1), tentacles
a: End Transformation, Renounce Religion, Bend Time


You were on level 6 of the Dungeon.
You worshipped Cheibriados.
Cheibriados was pleased with you.
One of your tentacles had grown a beastly spike.
You visited 2 branches of the dungeon, and saw 7 of its levels.

You collected 273 gold pieces.

Inventory:

Missiles
 g - 8 poisoned darts
Magical Staves
 l - a staff of earth
Jewellery
 e - a +4 ring of slaying (left tentacle)
 t - a ring of willpower (right tentacle)
Wands
 a - a wand of flame (30)
Scrolls
 b - a scroll of fog
 h - 5 scrolls of magic mapping {!r!d}
 q - a scroll of identify {!d}
Potions
 d - a potion of attraction
 f - 2 potions of brilliance {!q!d}
 j - a potion of mutation {unknown}
 k - a potion of flight {unknown}
 n - a potion of haste {unknown}
 o - a potion of degeneration {unknown}


   Skills:
 + Level 5.3 Fighting
 * Level 7.9 Dodging
 - Level 3.0 Stealth
 + Level 6.3 Unarmed Combat
 - Level 2.0 Spellcasting
 - Level 2.0 Transmutations
 - Level 3.0 Poison Magic


You had 6 spell levels left.
You knew the following spells:

 Your Spells              Type           Power      Damage    Failure   Level
a - Beastly Appendage     Tmut           34%        N/A       5%          1
b - Wereblood             Tmut           17%        N/A       9%          2
c - Spider Form           Tmut/Pois      20%        N/A       14%         3

Your spell library contained the following spells:

 Spells                   Type           Power      Damage    Failure   Level
 Sting                    Tmut/Pois      80%        1d7       4%          1
 Poisonous Vapours        Pois/Air       26%        N/A       11%         2
 Apportation              Tloc           6%         N/A       13%         1
 Necrotise                Necr           12%        1d4       13%         1
 Summon Small Mammal      Summ           12%        N/A       13%         1
 Call Canine Familiar     Summ           3%         N/A       36%         3
 Ozocubu's Armour         Ice            3%         N/A       36%         3
 Portal Projectile        Hex/Tloc       6%         N/A       36%         3
 Summon Guardian Golem    Hex/Summ       3%         N/A       36%         3
 Olgreb's Toxic Radiance  Pois           24%        N/A       36%         4
 Ice Form                 Ice/Tmut       10%        N/A       63%         4
 Leda's Liquefaction      Hex/Erth       1%         N/A       77%         4
 Metabolic Englaciation   Hex/Ice        1%         N/A       98%         5
 Simulacrum               Ice/Necr       1%         N/A       100%        6


Dungeon Overview and Level Annotations

Branches:
Dungeon (6/15) Zot: 39568  Temple (1/1) D:4 Zot: 8632

Altars:
Cheibriados
Dithmenos
Elyvilon
Fedhas
Gozag
Hepliaklqana
Kikubaaqudgha
Makhleb
Nemelex Xobeh
Qazlal
Ru
Sif Muna
Uskayaw
Xom
Yredelemnul
The Shining One

Annotations:
D:3 3 runed translucent doors, blackman's ghost, weakling HuDe
D:4 Edmund


Innate Abilities, Weirdness & Mutations

One of your tentacles has grown a beastly spike.
You cannot wear most types of armour.
You are amphibious.
You can wear up to eight rings at the same time.
Your skin changes colour to match your surroundings (Stealth+).
Your rubbery body absorbs attacks. (AC +1, EV +1)
((You are camouflaged when in or above water. (Stealth+)))
You have tentacles for arms and can constrict up to eight enemies at once.


Message History

The wyvern zombie bites you!
* * * LOW HITPOINT WARNING * * *
The wyvern skeleton completely misses you.
Really quaff
c - 2 potions of curing {!q!d}?
You feel better.
You are no longer corroded.
The wyvern zombie completely misses you.
The wyvern skeleton barely misses you.
The wyvern zombie completely misses you.
Really quaff
c - a potion of curing {!q!d}?
You feel better. The wyvern skeleton bites you!
* * * LOW HITPOINT WARNING * * *
The wyvern zombie completely misses you.
You bite the wyvern zombie!
The wyvern zombie is lightly damaged.
The wyvern skeleton misses you. The wyvern zombie misses you.
Okay, then.
It was a potion of attraction.
You feel attractive to monsters.
The wyvern skeleton completely misses you.
The wyvern zombie misses you. The wyvern skeleton bites you.
* * * LOW HITPOINT WARNING * * *
Really quaff the potion of attraction?
Okay, then.
It was a potion of brilliance.
You feel clever all of a sudden.
The wyvern zombie completely misses you.
The wyvern skeleton barely misses you.
The wyvern zombie completely misses you.
Your magical contamination has completely faded away.
Casting: Beastly Appendage (safe; 16% risk of failure)
Press: ? - help, Q - select action, (/) - cycle Dir - look around, f - activate You feel a surge of power!
Your transformation has ended.
One of your tentacles grows a vicious spike.
The wyvern skeleton barely misses you. The wyvern zombie closely misses you.
It was a potion of ambrosia.
You are confused.
You feel invigorated. The wyvern skeleton bites you!
You die...

.......... ....# ..........
°○..°..°. #...# ..$........
°..°○○° #####...#
.#........#. .°.... #...#...#
.###.....°#.. ...°° #.<.#...#
. .)..#°...###°..# #...#...#
.
..###...○○.○°..######...##'##
.○.○.°.Z.°##..)....#...#
○°..°○Z@.○##.<)..8.'.⌠)÷
....○##°.°##.......#..)# ...
#.#○######...##'##
.......#..######...#...#
.......##.†...##.<.#...#
......# #####.##...#...#
#..... #.######...# #...○.
#.######...# #....
#..........#


You could see a wyvern zombie and a wyvern skeleton.

Vanquished Creatures
  Pikel (D:4)
  Sigmund (D:2)
  2 water moccasins
  A black bear (D:6)
  2 ogres
  A lemure (D:4)
  A scorpion (D:5)
  2 jellies
  A gnoll bouda (D:5)
  3 hounds
  3 iguanas
  3 orc wizards
  14 gnolls
  7 adders
  A white imp (D:5)
  2 worms (D:2)
  3 dart slugs
  7 orcs
  4 ball pythons
  7 endoplasms
  4 giant cockroaches (D:2)
  3 goblins (D:3)
  6 hobgoblins
  4 kobolds
  3 quokkas (D:2)
  3 bats
  6 frilled lizards
  21 rats
116 creatures vanquished.

Vanquished Creatures (collateral kills)
  2 orc priests (D:6)
  2 orcs (D:6)
4 creatures vanquished.

Vanquished Creatures (others)
  7 plants (D:5)
  9 withered plants (D:6)
16 creatures vanquished.

Grand Total: 136 creatures vanquished

Notes
Turn   | Place    | Note
-------+----------+-------------------------------------------
     0 | D:1      | buhh the Octopode Transmuter began the quest for the Orb.
     0 | D:1      | Reached XP level 1. HP: 13/13 MP: 3/3
   504 | D:1      | Reached XP level 2. HP: 16/18 MP: 3/5
   820 | D:2      | Noticed Sigmund
   830 | D:2      | Killed Sigmund
   831 | D:2      | Reached skill level 3 in Dodging
   831 | D:2      | Reached XP level 3. HP: 24/24 MP: 6/6
   831 | D:2      | Reached XP level 4. HP: 29/29 MP: 7/7
   831 | D:2      | Reached XP level 5. HP: 34/34 MP: 8/8
  1366 | D:2      | Found a faded altar of an unknown god.
  1429 | D:2      | Reached XP level 6. HP: 37/40 MP: 9/9
  1582 | D:3      | Learned a level 2 spell: Wereblood
  1650 | D:3      | Reached skill level 4 in Dodging
  2000 | D:3      | Found a runed translucent gate.
  2000 | D:3      | Found a runed translucent gate.
  2000 | D:3      | Found a runed translucent gate.
  2001 | D:3      | Noticed blackman's ghost (weakling HuDe)
  2171 | D:3      | Learned a level 3 spell: Spider Form
  2414 | D:3      | Found a blossoming altar of Fedhas.
  2748 | D:4      | Found a hide-covered altar of Uskayaw.
  2806 | D:4      | Found a shimmering blue altar of Sif Muna.
  2810 | D:4      | Found a basalt altar of Yredelemnul.
  3313 | D:4      | Noticed Pikel
  3356 | D:4      | Noticed Edmund
  3612 | D:4      | Found a staircase to the Ecumenical Temple.
  3622 | Temple   | Entered the Ecumenical Temple
  3731 | Temple   | Became a worshipper of Cheibriados the Contemplative
  3771 | D:4      | Killed Pikel
  3772 | D:4      | Reached skill level 5 in Dodging
  3772 | D:4      | Reached skill level 5 in Unarmed Combat
  3772 | D:4      | Reached XP level 7. HP: 14/47 MP: 5/10
  3772 | D:4      | Reached XP level 8. HP: 17/54 MP: 5/11
  4099 | D:4      | Reached skill level 6 in Dodging
  4596 | D:5      | Entered Level 5 of the Dungeon
  5433 | D:5      | Reached * piety under Cheibriados
  5748 | D:5      | Reached skill level 7 in Dodging
  6451 | D:6      | Reached skill level 5 in Fighting
  6741 | D:6      | Reached XP level 9. HP: 61/61 MP: 8/12
  6781 | D:6      | Reached ** piety under Cheibriados
  6801 | D:6      | Slain by a wyvern skeleton

Illustrated notes

Levels and vault maps discovered:
D:1:      onia_arrival_pyramid, layout_basic
D:2:      layout_basic, ebering_ecumenical_altar_sacrificial, minmay_rat_hole,
          uniq_sigmund
D:3:      layout_rooms, fedhas_altar_4, gammafunk_ghost_necromancy,
          minmay_stone_trees_small, minmay_hedge_maze, minmay_quadrilaterals
D:4:      layout_loops_ring, grunt_temple_overflow_open,
          minmay_temple_entry_enclosed_plants, uniq_pikel, uniq_edmund
D:5:      layout_gridville, minmay_lizard_king
D:6:      layout_cave_pools, serial_undead, serial_undead_b, serial_undead_f,
          serial_undead_a, serial_undead_d, serial_undead_a, serial_undead_f,
          serial_undead_c, nicolae_elevator_lobby_plus, uniq_maggie
Temple:   nicolae_temple_bog_church

Skill      XL: |  1  2  3  4  5  6  7  8 |
---------------+-------------------------+-----
Stealth        | 1 3 |  3.0
Fighting       | 2 3 5 |  5.3
Dodging        | 3 5 7 |  7.9
Poison Magic   | 2 3 |  3.0
Unarmed Combat | 4 5 6 |  6.3
Spellcasting   | |  2.0
Transmutations | |  2.0

Action                   |  1- 3 |  4- 6 |  7- 9 || total
-------------------------+-------+-------+-------++-------
Melee: Unarmed           |    27 |   121 |   119 ||   267
       Kick              |     3 |    18 |     2 ||    23
       Constrict         |     5 |    20 |     8 ||    33
       Tentacles         |     2 |    12 |     8 ||    22
       Punch             |     1 |     3 |       ||     4
 Cast: Beastly Appendage |    11 |    28 |     3 ||    42
       Spider Form       |       |     9 |    19 ||    28
       Wereblood         |       |     1 |     1 ||     2
  Use: Potion            |     1 |     2 |     8 ||    11
       Scroll            |       |     5 |     4 ||     9
 Stab: Sleeping          |     4 |    14 |       ||    18
Armor: Skin              |     4 |    11 |       ||    15
Dodge: Dodged            |    16 |    43 |   118 ||   177

Table legend: (Time is in decaauts)
 A = Elapsed time spent in this place.
 B = Non-inter-level travel time spent in this place.
 C = Inter-level travel time spent in this place.
 D = Time resting spent in this place.
 E = Time spent auto-exploring this place.
 F = Levels seen in this place.
 G = Mean time per level.
                   A        B        C        D        E       F      G
               +--------+--------+--------+--------+--------+-----+--------+
         Total |   7217 |   6960 |    257 |   1302 |   4656 |   7 | 1031.0 |
       Dungeon |   6903 |   6661 |    242 |   1115 |   4571 |   6 | 1150.5 |
        Temple |    314 |    299 |     15 |    187 |     85 |   1 |  314.0 |
               +--------+--------+--------+--------+--------+-----+--------+

Top non-repeatable levels by time:
     D:5: 1933 daAuts
     D:4: 1505 daAuts
     D:3: 1355 daAuts
     D:2: 887 daAuts
     D:1: 663 daAuts
     D:6: 557 daAuts
  Temple: 314 daAuts
